SNL (28 & UNDER)
NEW HAMPSHIRE FISHER CATS @ SALEM SILVER SOULS
10/09/2025
 
TOP OF THE 1ST
New Hampshire Fisher Cats batting - Pitching for Salem Silver Souls : RHP Isaac Coleman
Pitching: RHP Isaac Coleman
Batting: LHB Tony Rivera 0-0: Ball
1-0: Called Strike
1-1: Foul Ball, location: 2F
1-2: Foul Ball, location: 2F
1-2: Strikes out swinging
Batting: RHB Felipe Rivas 0-0: Fly out, F2 (Popup, 23F)
Batting: LHB Wilson Torres 0-0: Ball
1-0: Ball
2-0: Ball
3-0: Called Strike
3-1: Fly out, F8 (Line Drive, 8RD)
Top of the 1st over - 0 run(s), 0 hit(s), 0 error(s), 0 left on base; New Hampshire 0 - Salem 0
BOTTOM OF THE 1ST
Salem Silver Souls batting - Pitching for New Hampshire Fisher Cats : RHP Ralph Willaims
Pitching: RHP Ralph Willaims
Batting: RHB Jack Snyder 0-0: Ball
1-0: SINGLE (Line Drive, 89S)
Batting: RHB Jesús Gutiérrez 0-0: Called Strike
0-1: Foul Ball, location: 2F
0-2: Foul Ball, location: 2F
0-2: Fly out, F6 (Line Drive, 6)
Batting: LHB Ezechiele Bruno 0-0: Ball
1-0: Foul Ball, location: 2F
1-1: DOUBLE (Line Drive, 8RM)
Jack Snyder to third
Batting: RHB Lonson Seals 0-0: Ball
1-0: Ball
2-0: Called Strike
2-1: Fly out, F7 (Flyball, 7D)
Runner from 3rd tags up, OUT at HOME
Bottom of the 1st over - 0 run(s), 2 hit(s), 0 error(s), 1 left on base; New Hampshire 0 - Salem 0
TOP OF THE 2ND
New Hampshire Fisher Cats batting - Pitching for Salem Silver Souls : RHP Isaac Coleman
Batting: LHB Héctor Rentería 0-0: Ground out 4-3 (Groundball, 34)
Batting: RHB Anthony Hezell 0-0: Ball
1-0: Called Strike
1-1: Ball
2-1: Foul Ball, location: 2F
2-2: Foul Ball, location: 2F
2-2: Ball
3-2: SINGLE (Line Drive, 89S)
Batting: LHB Cam Flowers 0-0: Ball
1-0: Ball
2-0: DOUBLE (Line Drive, 7LS)
Anthony Hezell to third
Batting: SHB Ken Hernández 0-0: Swinging Strike
0-1: Fly out, F4 (Line Drive, 34)
Batting: SHB Lester Olsen 0-0: Called Strike
0-1: Called Strike
0-2: Ball
1-2: Strikes out swinging
Top of the 2nd over - 0 run(s), 2 hit(s), 0 error(s), 2 left on base; New Hampshire 0 - Salem 0
BOTTOM OF THE 2ND
Salem Silver Souls batting - Pitching for New Hampshire Fisher Cats : RHP Ralph Willaims
Batting: LHB Raúl Cordero 0-0: Called Strike
0-1: Ball
1-1: Ball
2-1: Ball
3-1: Fly out, F9 (Flyball, 89M)
Batting: RHB Carlos García 0-0: Ball
1-0: Ball
2-0: Ball
3-0: Base on Balls
Batting: LHB Millard Dye 0-0: Ball
Wild Pitch!
Carlos García to second
1-0: Foul Ball, location: 2F
1-1: Ball
2-1: Foul Ball, location: 2F
2-2: Foul Ball, location: 2F
2-2: Ground out 4-3 (Groundball, 34)
Carlos García to third
Batting: LHB Nick Scott 0-0: Fly out, F7 (Flyball, 7LM)
Bottom of the 2nd over - 0 run(s), 0 hit(s), 0 error(s), 1 left on base; New Hampshire 0 - Salem 0
TOP OF THE 3RD
New Hampshire Fisher Cats batting - Pitching for Salem Silver Souls : RHP Isaac Coleman
Batting: RHB Tim Robertson 0-0: Foul Ball, location: 2F
0-1: Called Strike
0-2: Strikes out swinging
Batting: LHB Tony Rivera 0-0: SINGLE (Groundball, 6MD)
Batting: RHB Felipe Rivas 0-0: Called Strike
Tony Rivera is caught stealing 2nd base
0-1: Ground out 4-3 (Groundball, 4)
Top of the 3rd over - 0 run(s), 1 hit(s), 0 error(s), 0 left on base; New Hampshire 0 - Salem 0
BOTTOM OF THE 3RD
Salem Silver Souls batting - Pitching for New Hampshire Fisher Cats : RHP Ralph Willaims
Batting: SHB Francis Shaffer 0-0: Ball
1-0: Swinging Strike
1-1: Ball
2-1: Ball
3-1: Foul Ball, location: 2F
3-2: Base on Balls
Batting: RHB Jack Snyder 0-0: Ball
1-0: Foul Ball, location: 2F
1-1: SINGLE (Line Drive, 56)
Francis Shaffer to second
Batting: RHB Jesús Gutiérrez 0-0: Ball
1-0: Foul Ball, location: 2F
1-1: Ball
2-1: Fly out, F8 (Flyball, 8LM)
Batting: LHB Ezechiele Bruno 0-0: Ball
1-0: Ball
2-0: Ball
3-0: Base on Balls
Francis Shaffer to third
Jack Snyder to second
Batting: RHB Lonson Seals 0-0: Ball
1-0: Ball
2-0: Ball
3-0: Base on Balls
Francis Shaffer scores
Jack Snyder to third
Ezechiele Bruno to second
Batting: LHB Raúl Cordero 0-0: Foul Ball, location: 2F
0-1: Fly out, F9 (Flyball, 8RD)
Runner from 3rd tags up, SCORES, no throw
Batting: RHB Carlos García 0-0: Called Strike
0-1: Ball
1-1: SINGLE (Line Drive, 34D)
Ezechiele Bruno to third
Lonson Seals to second
Runner from 3rd tries for Home, SAFE, no throw or cutoff
Batting: LHB Millard Dye 0-0: Called Strike
0-1: Ball
1-1: Foul Ball, location: 2F
1-2: Strikes out swinging
Bottom of the 3rd over - 3 run(s), 2 hit(s), 0 error(s), 2 left on base; New Hampshire 0 - Salem 3
TOP OF THE 4TH
New Hampshire Fisher Cats batting - Pitching for Salem Silver Souls : RHP Isaac Coleman
Batting: LHB Wilson Torres 0-0: Foul Ball, location: 2F
0-1: Ground out 4-3 (Groundball, 4M)
Batting: LHB Héctor Rentería 0-0: Called Strike
0-1: Ball
1-1: Foul Ball, location: 2F
1-2: Ground out 1-3 (Groundball, 25)
Batting: RHB Anthony Hezell 0-0: Ball
1-0: Called Strike
1-1: Hit by Pitch
Batting: LHB Cam Flowers 0-0: Ball
1-0: Called Strike
1-1: Ground out 4-3 (Groundball, 34)
Top of the 4th over - 0 run(s), 0 hit(s), 0 error(s), 1 left on base; New Hampshire 0 - Salem 3
BOTTOM OF THE 4TH
Salem Silver Souls batting - Pitching for New Hampshire Fisher Cats : RHP Ralph Willaims
Batting: LHB Nick Scott 0-0: Ball
1-0: Fly out, F5 (Popup, 5SF)
Batting: SHB Francis Shaffer 0-0: Foul Ball, location: 2F
0-1: Foul Ball, location: 2F
0-2: SINGLE (Flyball, 78S)
Batting: RHB Jack Snyder 0-0: Ball
Passed Ball!
Francis Shaffer to second
1-0: Ball
2-0: Called Strike
2-1: SINGLE (Groundball, 56D)
Francis Shaffer to third
Batting: RHB Jesús Gutiérrez 0-0: Foul Ball, location: 2F
0-1: Ball
1-1: Foul Ball, location: 2F
1-2: Ball
2-2: Fly out, F8 (Flyball, 8LM)
Runner from 3rd tags up, SCORES, throw made
Batting: LHB Ezechiele Bruno 0-0: Ball
1-0: Called Strike
1-1: Fly out, F7 (Line Drive, 7D)
Bottom of the 4th over - 1 run(s), 2 hit(s), 0 error(s), 1 left on base; New Hampshire 0 - Salem 4
TOP OF THE 5TH
New Hampshire Fisher Cats batting - Pitching for Salem Silver Souls : RHP Isaac Coleman
Batting: SHB Ken Hernández 0-0: Ground out 5-3 (Groundball, 5D)
Batting: SHB Lester Olsen 0-0: Ball
1-0: Called Strike
1-1: Ball
2-1: Fly out, F9 (Line Drive, 89M)
Batting: RHB Tim Robertson 0-0: Swinging Strike
0-1: Swinging Strike
0-2: Ball
1-2: Ball
2-2: Ball
3-2: Foul Ball, location: 2F
3-2: Strikes out swinging
Top of the 5th over - 0 run(s), 0 hit(s), 0 error(s), 0 left on base; New Hampshire 0 - Salem 4
BOTTOM OF THE 5TH
Salem Silver Souls batting - Pitching for New Hampshire Fisher Cats : RHP Ralph Willaims
Batting: RHB Lonson Seals 0-0: Ball
1-0: Ball
2-0: Ball
3-0: Called Strike
3-1: Ground out 5-3 (Groundball, 56)
Batting: LHB Raúl Cordero 0-0: Called Strike
0-1: Ball
1-1: Foul Ball, location: 2F
1-2: DOUBLE (Line Drive, 89D)
Batting: RHB Carlos García 0-0: Ball
1-0: Ground out 4-3 (Groundball, 4)
Raúl Cordero to third
Batting: LHB Millard Dye 0-0: Called Strike
0-1: Fly out, F8 (Flyball, 8RD)
Bottom of the 5th over - 0 run(s), 1 hit(s), 0 error(s), 1 left on base; New Hampshire 0 - Salem 4
TOP OF THE 6TH
New Hampshire Fisher Cats batting - Pitching for Salem Silver Souls : RHP Isaac Coleman
Batting: LHB Tony Rivera 0-0: Called Strike
0-1: Foul Ball, location: 2F
0-2: Foul Ball, location: 2F
0-2: Ball
1-2: Hit by Pitch
Batting: RHB Felipe Rivas 0-0: Called Strike
0-1: Called Strike
0-2: Ball
1-2: Ball
2-2: Foul Ball, location: 2F
2-2: SINGLE (Line Drive, 8LS)
Tony Rivera to second
Tony Rivera to third
Batting: LHB Wilson Torres 0-0: Ball
1-0: Called Strike
1-1: Called Strike
1-2: Ground out 5-3 (Groundball, 56S)
Tony Rivera scores
Felipe Rivas to second
Batting: LHB Héctor Rentería 0-0: Ball
1-0: Foul Ball, location: 2F
1-1: Foul Ball, location: 2F
1-2: Ground out 1-3 (Groundball, 15)
Batting: RHB Anthony Hezell 0-0: Foul Ball, location: 2F
0-1: Swinging Strike
0-2: Ground out 4-3 (Groundball, 4)
Top of the 6th over - 1 run(s), 1 hit(s), 0 error(s), 1 left on base; New Hampshire 1 - Salem 4
BOTTOM OF THE 6TH
Salem Silver Souls batting - Pitching for New Hampshire Fisher Cats : RHP Ralph Willaims
Batting: LHB Nick Scott 0-0: Ball
1-0: Called Strike
1-1: Ball
2-1: Called Strike
2-2: Ground out U3 (Groundball, 3L)
Batting: SHB Francis Shaffer 0-0: Ball
1-0: Foul Ball, location: 2F
1-1: Ball
2-1: Foul Ball, location: 2F
2-2: SINGLE (Groundball, 34D)
Pitching: RHP Jeff Thompson
Batting: RHB Jack Snyder 0-0: Ball
1-0: Called Strike
1-1: Fly out, F5 (Line Drive, 56)
Batting: RHB Jesús Gutiérrez 0-0: Called Strike
0-1: Fly out, F9 (Flyball, 9S)
Bottom of the 6th over - 0 run(s), 1 hit(s), 0 error(s), 1 left on base; New Hampshire 1 - Salem 4
TOP OF THE 7TH
New Hampshire Fisher Cats batting - Pitching for Salem Silver Souls : RHP Isaac Coleman
Batting: LHB Cam Flowers 0-0: Ball
1-0: Ball
2-0: SINGLE (Groundball, 4M)
Batting: SHB Ken Hernández 0-0: Ball
1-0: Swinging Strike
1-1: Fly out, F8 (Flyball, 8LD)
Batting: SHB Lester Olsen 0-0: Ball
1-0: Called Strike
1-1: Grounds into double play, 4-6-3 (Groundball, 4)
Top of the 7th over - 0 run(s), 1 hit(s), 0 error(s), 0 left on base; New Hampshire 1 - Salem 4
BOTTOM OF THE 7TH
Salem Silver Souls batting - Pitching for New Hampshire Fisher Cats : RHP Jeff Thompson
Batting: LHB Ezechiele Bruno 0-0: Called Strike
0-1: Ball
1-1: Called Strike
1-2: SOLO HOME RUN (Line Drive, 9D), Distance : 408 ft
Batting: RHB Lonson Seals 0-0: Called Strike
0-1: Called Strike
0-2: Fly out, F9 (Line Drive, 9M)
Batting: LHB Raúl Cordero 0-0: Called Strike
0-1: Swinging Strike
0-2: Strikes out swinging
Batting: RHB Carlos García 0-0: Called Strike
0-1: Ball
1-1: Foul Ball, location: 2F
1-2: Ball
2-2: Ball
3-2: Strikes out swinging
Bottom of the 7th over - 1 run(s), 1 hit(s), 0 error(s), 0 left on base; New Hampshire 1 - Salem 5
TOP OF THE 8TH
New Hampshire Fisher Cats batting - Pitching for Salem Silver Souls : RHP Isaac Coleman
Batting: RHB Tim Robertson 0-0: Ball
1-0: Ball
2-0: Fly out, F9 (Line Drive, 89M)
Batting: LHB Tony Rivera 0-0: Ball
1-0: Swinging Strike
1-1: Ball
2-1: Foul Ball, location: 2F
2-2: Ball
3-2: Ground out 4-3 (Groundball, 4)
Batting: RHB Felipe Rivas 0-0: Foul Ball, location: 2F
0-1: Ball
1-1: Ball
2-1: Ball
3-1: Foul Ball, location: 2F
3-2: Foul Ball, location: 2F
3-2: Base on Balls
Pitching: RHP Jeff Hansen
Batting: LHB Wilson Torres 0-0: Called Strike
0-1: Ball
1-1: Ball
2-1: Called Strike
2-2: Ball
3-2: Foul Ball, location: 2F
3-2: Foul Ball, location: 2F
3-2: Fly out, F7 (Line Drive, 7LM)
Top of the 8th over - 0 run(s), 0 hit(s), 0 error(s), 1 left on base; New Hampshire 1 - Salem 5
BOTTOM OF THE 8TH
Salem Silver Souls batting - Pitching for New Hampshire Fisher Cats : RHP Jeff Thompson
Pitching: LHP Artie Nelson
Batting: LHB Millard Dye 0-0: Ball
1-0: Foul Ball, location: 2F
1-1: Ground out 6-3 (Groundball, 6)
Batting: LHB Nick Scott 0-0: Ball
1-0: Foul Ball, location: 2F
1-1: Ground out 4-3 (Groundball, 4)
Batting: SHB Francis Shaffer 0-0: Ball
1-0: Ball
2-0: Ball
3-0: Base on Balls
Batting: RHB Jack Snyder 0-0: Called Strike
0-1: Swinging Strike
0-2: Strikes out swinging
Bottom of the 8th over - 0 run(s), 0 hit(s), 0 error(s), 1 left on base; New Hampshire 1 - Salem 5
TOP OF THE 9TH
New Hampshire Fisher Cats batting - Pitching for Salem Silver Souls : RHP Jeff Hansen
Batting: LHB Héctor Rentería 0-0: Called Strike
0-1: Foul Ball, location: 2F
0-2: Ball
1-2: Ball
2-2: SINGLE (Groundball, 6M)
Batting: RHB Anthony Hezell 0-0: Grounds into double play, 3-6-3 (Groundball, 3)
Batting: LHB Cam Flowers 0-0: Called Strike
0-1: Ball
1-1: Ball
2-1: Swinging Strike
2-2: Ball
3-2: Foul Ball, location: 2F
3-2: Base on Balls
Batting: SHB Ken Hernández 0-0: Called Strike
0-1: Ball
1-1: Ball
2-1: Foul Ball, location: 2F
2-2: SINGLE (Line Drive, 4M)
Cam Flowers to second
Runner from 2nd tries for 3rd, SAFE, throw made to third
Ken Hernández to second
Pitching: RHP Andy Hickey
Batting: SHB Lester Olsen 0-0: Ball
1-0: Ball
2-0: Ball
3-0: Called Strike
3-1: Base on Balls
Batting: RHB Tim Robertson 0-0: Called Strike
0-1: Called Strike
0-2: Ball
1-2: SINGLE (Groundball, 4MD)
Cam Flowers scores
Ken Hernández to third
Lester Olsen to second
Runner from 3rd tries for Home, SAFE, no throw or cutoff
Batting: LHB Tony Rivera 0-0: Ball
1-0: Ball
2-0: Ball
3-0: Called Strike
3-1: Base on Balls
Lester Olsen to third
Tim Robertson to second
Batting: RHB Felipe Rivas 0-0: Swinging Strike
0-1: Ball
1-1: Ball
2-1: Ball
3-1: Foul Ball, location: 2F
3-2: Base on Balls
Lester Olsen scores
Tim Robertson to third
Tony Rivera to second
Batting: LHB Wilson Torres 0-0: Ball
1-0: Foul Ball, location: 2F
1-1: SINGLE (Groundball, 34D)
Tim Robertson scores
Tony Rivera to third
Felipe Rivas to second
Runner from 3rd tries for Home, SAFE, no throw or cutoff
Batting: LHB Héctor Rentería 0-0: Called Strike
0-1: Called Strike
0-2: Strikes out looking
Top of the 9th over - 5 run(s), 4 hit(s), 0 error(s), 2 left on base; New Hampshire 6 - Salem 5
BOTTOM OF THE 9TH
Salem Silver Souls batting - Pitching for New Hampshire Fisher Cats : LHP Artie Nelson
Pitching: RHP Alberto Márquez
Now at 1B: Michael Kent
Now at 3B: Franklin Lawrence
Batting: RHB Jesús Gutiérrez 0-0: Ball
1-0: Ball
2-0: Called Strike
2-1: Foul Ball, location: 2F
2-2: Foul Ball, location: 2F
2-2: Ball
3-2: Ground out 5-3 (Groundball, 5L)
Batting: LHB Ezechiele Bruno 0-0: Called Strike
0-1: Swinging Strike
0-2: Ball
1-2: Foul Ball, location: 2F
1-2: Ball
2-2: Foul Ball, location: 2F
2-2: Ball
3-2: Strikes out swinging
Batting: RHB Lonson Seals 0-0: Called Strike
0-1: Foul Ball, location: 2F
0-2: Ball
1-2: Ball
2-2: Strikes out swinging
Bottom of the 9th over - 0 run(s), 0 hit(s), 0 error(s), 0 left on base; New Hampshire 6 - Salem 5
This league is powered by Out of the Park Baseball, the baseball management simulation game for PC, Mac and Linux
Tuesday, August 2nd, 2016 - OOTP Baseball 16.8 Build 38